 Dungeon Crawl Stone Soup version 0.27-a0-1202-ge72e491 (webtiles) character file.

Game seed: 13878559508967530501

63 Meow the Sneak (level 4, 35/36 HPs)
             Began as a Naga Ice Elementalist on June 1, 2021.
             Was an Initiate of Okawaru.
             Quit the game on level 2 of the Dungeon.
             The game lasted 00:04:20 (1301 turns).

Meow the Sneak (Naga Ice Elementalist)              Turns: 1301, Time: 00:04:21

Health: 35/36      AC:  4    Str: 10    XL:     4   Next: 9%
Magic:  7/7        EV: 10    Int: 16    God:    Okawaru [......]
Gold:   32         SH:  0    Dex: 12    Spells: 4/8 levels left

rFire    . . .     SeeInvis +   a - +0 hunting sling (flame)
rCold    . . .     Faith    .   (no shield)
rNeg     . . .     Spirit   .   f - +0 robe
rPois    +         Reflect  .   (no helmet)
rElec    .         Harm     .   (no cloak)
rCorr    .         Rampage  .   m - +1 pair of gloves
Will     .....                  (no barding)
Stlth    +++.......             (no amulet)
HPRegen  0.12/turn              (no ring)
MPRegen  0.10/turn              (no ring)

@: very slow
A: AC +1, large, see invisible, deformed body, poison resistance, slowness 2,
spit poison 1, naga tail 1
a: Spit Poison, Renounce Religion


You were on level 2 of the Dungeon.
You worshipped Okawaru.
Okawaru was noncommittal.
You visited 1 branch of the dungeon, and saw 2 of its levels.

You collected 32 gold pieces.

Inventory:

Hand Weapons
 a - a +0 hunting sling of flaming (weapon)
 b - a +0 mace
Missiles
 d - 16 poisoned darts
 g - 17 bolts
 i - 53 arrows
 n - 12 stones (quivered ammo)
Armour
 f - a +0 robe (worn)
 m - a +1 pair of gloves (worn)
Scrolls
 c - a scroll of enchant armour {unknown}
 h - a scroll of noise {unknown}
 j - a scroll of identify {unknown}
 l - a scroll of fog {unknown}
Potions
 e - a potion of mutation {unknown}
 k - a potion of flight {unknown}


   Skills:
 - Level 1.5 Dodging
 * Level 5.2 Stealth
 + Level 2.5 Spellcasting
 + Level 4.4 Ice Magic


You had 4 spell levels left.
You knew the following spells:

 Your Spells              Type           Power      Damage    Failure   Level
a - Freeze                Ice            64%        1d8       3%          1
f - Frozen Ramparts       Ice            32%        1d5       10%         3

Your spell library contained the following spells:

 Spells                   Type           Power      Damage    Failure   Level
 Ozocubu's Armour         Ice            16%        N/A       10%         3
 Hailstorm                Conj/Ice       9%         3d4       61%         4
 Metabolic Englaciation   Hex/Ice        4%         N/A       91%         5


Dungeon Overview and Level Annotations

Branches:
Dungeon (2/15)

Altars:
Okawaru


Innate Abilities, Weirdness & Mutations

Your serpentine skin is tough. (AC +1)
You have supernaturally acute eyesight. (SInv)
Armour fits poorly on your strangely shaped body.
Your system is resistant to poisons. (rPois)
You cover ground very slowly.
You can spit poison.
You have a snake-like lower body.


Message History

You shoot a stone. The stone misses the jackal.
The jackal bites you but does no damage.
The jackal barely misses you.
Fire: 16 stones
Press: ? - help, Q - select action, (/) - cycle Shift-Dir - straight line, f/p - jackal
Aim: a jackal (45% to hit)
You shoot a stone. The stone closely misses the jackal.
The jackal bites you.
Unknown command.
Fire: 15 stones
Press: ? - help, Q - select action, (/) - cycle Shift-Dir - straight line, f/p - jackal
Aim: a jackal (45% to hit)
You shoot a stone. The stone hits the jackal!
The stone burns the jackal.
You kill the jackal!
Okawaru accepts your kill.
You have got your breath back.
You see here a +1 pair of gloves.
m - a +1 pair of gloves You start putting on your armour.
You continue putting on your +1 pair of gloves. x4
You finish putting on your +1 pair of gloves.
An adder is nearby!
An adder is nearby!
An adder is nearby!
Fire: 14 stones
Press: ? - help, Q - select action, (/) - cycle Shift-Dir - straight line, f - adder
Aim: an adder (wandering, hasn't noticed you, 32% to hit)
You shoot a stone. The adder hisses angrily.
The stone hits the adder.
The stone burns the adder.
The adder is moderately wounded.
Fire: 13 stones
Press: ? - help, Q - select action, (/) - cycle Shift-Dir - straight line, f/p - adder
Aim: an adder (moderately wounded, 32% to hit)
You shoot a stone. The stone hits the adder.
The stone burns the adder.
You kill the adder!
Okawaru accepts your kill.
You have reached level 4!
You feel agile.
Are you sure you want to abandon this character and quit the game? (Confirm with "yes".)

#.....(#.#
##.#.#.#.# #
#.#.#(# #.#.#(#
#.#(#.# #.#...#
#.##..# #. #..#
##@## # #..# .#
#..#########.##
#.............#
#.#...........#
#.#...........#
#.+...........#
###...........####
#..............>


There were no monsters in sight!

Vanquished Creatures
  2 adders (D:2)
  A worm (D:2)
  3 bats
  4 endoplasms
  6 goblins
  4 hobgoblins (D:1)
  2 jackals (D:2)
  3 quokkas
  4 ball pythons
  4 frilled lizards
  4 kobolds
  2 rats (D:1)
39 creatures vanquished.

Notes
Turn   | Place    | Note
-------+----------+-------------------------------------------
     0 | D:1      | Meow the Naga Ice Elementalist began the quest for the Orb.
     0 | D:1      | Reached XP level 1. HP: 15/15 MP: 3/3
   216 | D:1      | Reached XP level 2. HP: 22/22 MP: 3/5
   325 | D:1      | Reached skill level 4 in Stealth
   678 | D:1      | Reached XP level 3. HP: 28/28 MP: 6/6
   682 | D:1      | Learned a level 3 spell: Frozen Ramparts
   839 | D:1      | Found a faded altar of an unknown god.
   866 | D:2      | Found an iron altar of Okawaru.
   872 | D:2      | Became a worshipper of Warmaster Okawaru
  1277 | D:2      | Reached skill level 5 in Stealth
  1301 | D:2      | Reached XP level 4. HP: 35/36 MP: 7/7
  1301 | D:2      | Quit the game

Illustrated notes

Levels and vault maps discovered:
D:1:      nzn_arrival_depleted_hourglass, layout_loops_ring,
          ebering_ecumenical_altar_webs, minmay_small_reverse_x
D:2:      layout_basic, basic_altar

Skill      XL: |  1  2  3 |
---------------+----------+-----
Stealth        | 4 5 |  5.2
Dodging        | |  1.5
Spellcasting   | |  2.5
Ice Magic      | |  4.4

Action                   |  1- 3 |  4- 6 || total
-------------------------+-------+-------++-------
Melee: Dagger            |     2 |       ||     2
       Mace              |     3 |       ||     3
 Fire: Hunting sling     |    18 |       ||    18
 Cast: Freeze            |    13 |       ||    13
       Frozen Ramparts   |     2 |       ||     2
 Abil: Spit Poison       |    31 |       ||    31
Armor: Robe              |     3 |       ||     3
Dodge: Dodged            |     7 |       ||     7

Table legend: (Time is in decaauts)
 A = Elapsed time spent in this place.
 B = Non-inter-level travel time spent in this place.
 C = Inter-level travel time spent in this place.
 D = Time resting spent in this place.
 E = Time spent auto-exploring this place.
 F = Levels seen in this place.
 G = Mean time per level.
                   A        B        C        D        E       F      G
               +--------+--------+--------+--------+--------+-----+--------+
         Total |   1607 |   1589 |     18 |    398 |    910 |   2 |  803.5 |
       Dungeon |   1607 |   1589 |     18 |    398 |    910 |   2 |  803.5 |
               +--------+--------+--------+--------+--------+-----+--------+

Top non-repeatable levels by time:
     D:1: 1088 daAuts
     D:2: 519 daAuts
